 Dungeon Crawl Stone Soup version 0.28-a0-845-gfc338a8e3c (webtiles) character file.

Game seed: 5111502393475443438

2 CapitalAbolisher the Charlatan (level 1, 0/17 HPs)
             Began as a Gnoll Artificer on Nov 13, 2021.
             Slain by a giant cockroach (1 damage)
             ... on level 1 of the Dungeon.
             The game lasted 00:01:50 (138 turns).

CapitalAbolisher the Charlatan (Gnoll Artificer)     Turns: 138, Time: 00:01:50

Health: 0/17       AC:  3    Str: 11    XL:     1   Next: 40%
Magic:  1/1        EV: 12    Int: 10    God:
Gold:   0          SH:  0    Dex: 12    Spells: 0/0 levels left

rFire   . . .      SeeInvis .   a - +0 club
rCold   . . .      Faith    .   (no shield)
rNeg    . . .      Spirit   .   b - +0 leather armour
rPois   .          Reflect  .   (no helmet)
rElec   .          Harm     .   (no cloak)
rCorr   .          Rampage  .   (no gloves)
Will    .....                   (no boots)
Stlth   ++........              (no amulet)
HPRegen 0.05/turn               (no ring)
MPRegen 0.07/turn               (no ring)

@: no status effects
A: fangs 1, strong nose, distributed training
a: no special abilities


You were on level 1 of the Dungeon.
You visited 1 branch of the dungeon, and saw 1 of its levels.

Inventory:

Hand Weapons
 a - a +0 club (weapon)
Armour
 b - a +0 leather armour (worn)
Wands
 c - a wand of flame (15) (quivered)
 d - a wand of charming (15)
Potions
 f - a potion of berserk rage {unknown}
Miscellaneous
 e - a piece from Xom's chessboard (15/15)


   Skills:
 + Level 2.3 Fighting
 + Level 0.0 Short Blades
 + Level 0.0 Long Blades
 + Level 0.0 Axes
 + Level 0.0 Maces & Flails
 + Level 0.0 Polearms
 + Level 0.0 Staves
 + Level 0.0 Slings
 + Level 0.0 Bows
 + Level 0.0 Crossbows
 + Level 0.0 Throwing
 + Level 4.4 Armour
 + Level 2.3 Dodging
 + Level 2.1 Stealth
 + Level 0.0 Shields
 + Level 0.0 Unarmed Combat
 + Level 0.0 Spellcasting
 + Level 0.0 Conjurations
 + Level 0.0 Hexes
 + Level 0.0 Summonings
 + Level 0.0 Necromancy
 + Level 0.0 Translocations
 + Level 0.0 Transmutations
 + Level 0.0 Fire Magic
 + Level 0.0 Ice Magic
 + Level 0.0 Air Magic
 + Level 0.0 Earth Magic
 + Level 0.0 Poison Magic
 + Level 0.1 Invocations
 + Level 6.4 Evocations


You couldn't memorise any spells.
You didn't know any spells.
Your spell library was empty.

Dungeon Overview and Level Annotations

Branches:
Dungeon (1/15)

Altars:


Innate Abilities, Weirdness & Mutations

You have very sharp teeth.
Your uncanny sense of smell can sniff out nearby items.
Your experience applies equally to all skills.


Message History

The bat hits you but does no damage. The bat closely misses you.
You hit the bat.
You kill the bat!
The bat closely misses you. The bat hits you but does no damage.
The bat hits you but does no damage. The bat closely misses you.
The bat hits you but does no damage. The bat barely misses you.
You hit the bat but do no damage.
The bat is moderately wounded.
The bat closely misses you.
You hit the bat but do no damage.
The bat is moderately wounded.
The bat completely misses you.
You barely miss the bat. The bat barely misses you. x2
You hit the bat.
You kill the bat!
A hobgoblin comes into view.
f - a viscous white potion You see here a +0 hand axe.
A giant cockroach comes into view.
You see here a +0 club.
Found a scroll labelled XERIS IQANT.
Found 4 gold pieces.
The hobgoblin shouts!
You hear an angry hiss.
A ball python comes into view.
A rat and a kobold come into view.
The kobold shouts!
You hit the hobgoblin but do no damage.
The hobgoblin hits you but does no damage.
The hobgoblin misses you.
You hit the hobgoblin but do no damage. The giant cockroach bites you.
* * * LOW HITPOINT WARNING * * *
The hobgoblin hits you.
* * * LOW HITPOINT WARNING * * *
You hit the hobgoblin.
The hobgoblin is lightly wounded.
The giant cockroach bites you.
You die...

#......##...#.#
#.#.....................
#.#.......#....?........
........................
#.#.......#.............
...........?.......K.$..
#.#.....B............#
...........#.####.S..#
....#.)#...#...B@g...#
..#..................#
..#....)................
.............###.#.#####
..#..............#.#
#.#...######.###.#.#
#................#.##
≈≈≈≈≈≈≈≈..≈≈≈≈≈≈≈≈....
≈..8..8....8..8..≈####


You could see a giant cockroach, a hobgoblin, a ball python and a kobold.

Vanquished Creatures
  A quokka (D:1)
  2 bats (D:1)
3 creatures vanquished.

Notes
Turn   | Place    | Note
-------+----------+-------------------------------------------
     0 | D:1      | CapitalAbolisher the Gnoll Artificer began the quest for
                  | the Orb.
     0 | D:1      | Reached XP level 1. HP: 17/17 MP: 1/1
   138 | D:1      | Slain by a giant cockroach

Illustrated notes

Levels and vault maps discovered:
D:1:      lightli_arrival_isolated_outpost, layout_basic

Action                   || total
-------------------------++-------
Melee: Club              ||    29
       Bite              ||     1
Armor: Leather armour    ||    36
Dodge: Dodged            ||    65

Table legend: (Time is in decaauts)
 A = Elapsed time spent in this place.
 B = Non-inter-level travel time spent in this place.
 C = Inter-level travel time spent in this place.
 D = Time resting spent in this place.
 E = Time spent auto-exploring this place.
 F = Levels seen in this place.
 G = Mean time per level.
                   A        B        C        D        E       F      G
               +--------+--------+--------+--------+--------+-----+--------+
         Total |    147 |     80 |     67 |      0 |      0 |   1 |  147.0 |
       Dungeon |    147 |     80 |     67 |      0 |      0 |   1 |  147.0 |
               +--------+--------+--------+--------+--------+-----+--------+

Top non-repeatable levels by time:
     D:1: 147 daAuts
